 Dungeon Sprint DCSS version 0.21.1-1-g345015f (webtiles) character file.

354 equalderp2856 the Blocker (level 6, -6/63 HPs)
             Began as a Minotaur Fighter on May 25, 2018.
             Was an Initiate of Gozag.
             Mangled by a yaktaur (14 damage)
             ... in the Dungeon (Sprint II: "The Violet Keep of Menkaure").
             The game lasted 00:01:19 (201 turns).

equalderp2856 the Blocker (Minotaur Fighter)         Turns: 201, Time: 00:01:20

Health: -6/63      AC:  8    Str: 21    XL:     6   Next: 35%
Magic:  5/5        EV:  9    Int:  5    God:    Gozag
Gold:   486        SH: 11    Dex: 11    Spells: 5/5 levels left

rFire    + . .     SeeInvis .   a - +0 war axe
rCold    + . .     Gourm    .   c - +0 shield
rNeg     . . .     Faith    .   b - +0 scale mail
rPois    +         Spirit   .   (helmet restricted)
rElec    +         Reflect  .   (no cloak)
rCorr    +         Harm     .   (no gloves)
MR       .....     NoTele   +   (no boots)
Stlth    ..........             (no amulet)
HPRegen  0.20/turn              (no ring)
MPRegen  0.09/turn              (no ring)

@: resistant, hasted, very quick
A: retaliatory headbutt, horns 2
a: Potion Petition, Call Merchant, Bribe Branch, Renounce Religion


You were in the Dungeon.
You worshipped Gozag.
Gozag was aware of your devotion.
You were not hungry.

You visited 1 branch You collected 486 gold pieces.

Inventory:

Hand Weapons
 a - a +0 war axe (weapon)
Armour
 b - a +0 scale mail (worn)
 c - a +0 shield (worn)
Scrolls
 k - a scroll of blinking
Potions
 d - a potion of might
 e - a potion of curing
 g - a potion of heal wounds
 h - a potion of haste
 i - 2 potions of magic
 j - a potion of berserk rage
Comestibles
 f - a ration


   Skills:
 + Level 9.2 Fighting
 + Level 7.3 Axes
 + Level 9.0 Armour
 + Level 1.2 Dodging
 + Level 9.3 Shields


You had 5 spell levels left.
You didn't know any spells.

Dungeon Overview and Level Annotations

Branches:
Dungeon (1/1)

Altars:
Cheibriados
Dithmenos
Elyvilon
Fedhas
Gozag
Hepliaklqana
Kikubaaqudgha
Makhleb
Nemelex Xobeh
Okawaru
Qazlal
Ru
Sif Muna
Trog
Uskayaw
Vehumet
Wu Jian
Xom
Yredelemnul
Zin
The Shining One
Beogh
Jiyva
Lugonu

Shops:
D =%!}[[*:[:


Innate Abilities, Weirdness & Mutations

You reflexively headbutt those who attack you in melee.
You have a pair of horns on your head.


Message History

The polar bear is lightly wounded.
You slash the yaktaur! The yaktaur hits you!
You hit the polar bear. Your headbutt misses the polar bear.
The polar bear is lightly wounded.
You hit the yaktaur but do no damage.
You hit the polar bear but do no damage.
The polar bear barely misses you. You block the polar bear's attack. x2
The polar bear bites you! The polar bear barely misses you.
The polar bear closely misses you. You block the yaktaur's attack.
You barely miss the polar bear.
The polar bear is lightly wounded.
You hit the polar bear but do no damage.
You hit the yaktaur. The polar bear barely misses you.
You block the polar bear's attack. x2; The polar bear bites you!
* * * LOW HITPOINT WARNING * * *
You block the polar bear's attack. The polar bear claws you.
* * * LOW HITPOINT WARNING * * *
The yaktaur hits you!
You die...
Your body crumbles into a pile of gold.

#+###.##..#$ +..# .# ?!$
#.##...#..# $#..# .#▓(%?)!
$ .<.'##.'†.###
..##.#▓%?)(%
#.##†###....###...##▓▓▓▓▓▓
#†###.##......≈≈≈≈≈≈≈≈≈≈≈≈
...####≈≈§....≈#'########+
.#..#≈≈§≈≈§≈..≈#yh_._...#§
.#.##§§≈≈≈≈§≈§≈#hc._._._#≈
#'##≈§≈≈≈§≈§§≈≈#@h_._._.#§
$
≈≈≈≈≈≈≈≈≈≈≈§≈†≈#._._._._#§
$
+#+++#≈≈§§≈§≈≈≈#.._._._.#§
$


zzz§ ##≈§≈###≈≈#..._._._#§ $ zzz...##≈≈# #≈≈#...._._.#§ $ §≈..§..+§≈#
#≈≈#....._..#§ §.§..§## ≈≈≈≈≈≈##########§ §.§.§## #####≈≈≈≈≈≈≈≈≈§ #+#### You
could see 3 polar bears, a yaktaur and a hornet.

Vanquished Creatures
  4 necrophages (D)
  3 worms (D)
7 creatures vanquished.

Vanquished Creatures (others)
  Menkaure (D)
  A crocodile (D)
2 creatures vanquished.

Grand Total: 9 creatures vanquished

Notes
Turn   | Place    | Note
-------+----------+-------------------------------------------
     0 | D        | equalderp2856 the Minotaur Fighter began the quest for the Orb.
     0 | D        | Reached XP level 1. HP: 19/19 MP: 0/0
     1 | D        | Noticed a necrophage
     1 | D        | Noticed a necrophage
     1 | D        | Noticed a necrophage
     1 | D        | Noticed a necrophage
     9 | D        | Killed a necrophage
     9 | D        | Reached XP level 2. HP: 21/30 MP: 1/1
     9 | D        | Reached XP level 3. HP: 26/37 MP: 2/2
     9 | D        | Reached XP level 4. HP: 31/44 MP: 3/3
    15 | D        | Killed a necrophage
    15 | D        | Reached skill level 5 in Axes
    15 | D        | Reached XP level 5. HP: 34/52 MP: 4/4
    19 | D        | Killed a necrophage
    19 | D        | Reached skill level 1 in Dodging
    23 | D        | Killed a necrophage
    23 | D        | Reached XP level 6. HP: 43/62 MP: 5/5
    30 | D        | Killed Menkaure
   121 | D        | Noticed a flying skull
   121 | D        | Noticed a flying skull
   122 | D        | Noticed a flying skull
   122 | D        | Noticed a flying skull
   122 | D        | Noticed a flying skull
   122 | D        | Noticed a flying skull
   122 | D        | Noticed a flying skull
   123 | D        | Noticed a flying skull
   123 | D        | Noticed a flying skull
   123 | D        | Noticed a flying skull
   123 | D        | Noticed a flying skull
   123 | D        | Noticed a flying skull
   128 | D        | Found Muashaxe's Assorted Antiques.
   130 | D        | Found Nufe Uwa's Antique Armour Emporium.
   130 | D        | Found Eqozesk's Gadget Shoppe.
   131 | D        | Found Luomibet's Distillery.
   131 | D        | Found Opyerghou's Antique Armour Emporium.
   132 | D        | Found Ruid's Book Emporium.
   132 | D        | Found Ninet's Antique Armour Shoppe.
   133 | D        | Found Nulo's Food Shoppe.
   133 | D        | Found Moumar's Jewellery Emporium.
   134 | D        | Found Lufailo's Book Shoppe.
   149 | D        | Found an iron altar of Okawaru.
   149 | D        | Found an opulent altar of Gozag.
   150 | D        | Found a sparkling altar of Nemelex Xobeh.
   150 | D        | Found a blossoming altar of Fedhas.
   151 | D        | Found a radiant altar of Vehumet.
   151 | D        | Found a burning altar of Makhleb.
   151 | D        | Found a white marble altar of Elyvilon.
   182 | D        | Found a hide-covered altar of Uskayaw.
   182 | D        | Found a corrupted altar of Lugonu.
   182 | D        | Found a shadowy altar of Dithmenos.
   183 | D        | Found a glowing silver altar of Zin.
   183 | D        | Found a bloodstained altar of Trog.
   183 | D        | Found an ancient bone altar of Kikubaaqudgha.
   184 | D        | Found a basalt altar of Yredelemnul.
   184 | D        | Found a deep blue altar of Sif Muna.
   184 | D        | Found a viscous altar of Jiyva.
   185 | D        | Found a shimmering altar of Xom.
   185 | D        | Found a sacrificial altar of Ru.
   187 | D        | Found a glowing golden altar of the Shining One.
   187 | D        | Found an ornate altar of the Wu Jian Council.
   187 | D        | Found a stormy altar of Qazlal.
   187 | D        | Found a snail-covered altar of Cheibriados.
   187 | D        | Found a hazy altar of Hepliaklqana.
   187 | D        | Noticed a hornet
   187 | D        | Noticed a polar bear
   188 | D        | Noticed a polar bear
   188 | D        | Found a roughly hewn altar of Beogh.
   188 | D        | Noticed a yaktaur
   189 | D        | Noticed a polar bear
   196 | D        | Became a worshipper of Gozag Ym Sagoz the Greedy
   201 | D        | Mangled by a yaktaur

Skill      XL: |  1  2  3  4  5  6 |
---------------+-------------------+-----
Fighting       | 6 7 9 |  9.2
Axes           | 4 5 7 |  7.3
Armour         | 6 7 8 9 |  9.0
Shields        | 6 7 9 |  9.3
Dodging        | 1 |  1.2

Action                   |  1- 3 |  4- 6 || total
-------------------------+-------+-------++-------
Melee: War axe           |     7 |    23 ||    30
       Headbutt          |     3 |     5 ||     8
Invok: Potion Petition   |       |     1 ||     1
Armor: Scale mail        |     3 |     2 ||     5
Dodge: Dodged            |     2 |     8 ||    10
Block: Shield            |     2 |    17 ||    19
